[Event "13th London Chess Classic 2023"]
[Site "London"]
[Date "2023.12.08"]
[Round "7.5"]
[White "Niemann, Hans Moke"]
[Black "Bartel, Mateusz"]
[Result "0-1"]
[ECO "C55"]
[WhiteElo "2659"]
[BlackElo "2651"]
[Annotator "TA"]
[PlyCount "149"]
[EventDate "2023.11.27"]
[EventType "tourn"]
[EventCountry "ENG"]
[SourceTitle "playchess.com"]
[Source "ChessBase"]
[SourceQuality "1"]
[TimeControl "40/5400+30:1800+30"]

1. e4 e5 2. Nf3 Nc6 3. Bc4 Nf6 4. d3 h6 5. c3 d6 6. a4 g6 7. a5 a6 8. O-O Bg7 9. Nbd2 O-O 10. Re1 Nh7 11. Qb3 Kh8 12. Bxf7 Qf6 13. Bc4 g5 14. Re2 g4 15. Ne1 h5 16. Nf1 h4 17. Qd1 Ne7 18. Qd2 c6 19. g3 d5 20. Bb3 Be6 21. Ng2 ({White should play} 21. Ra4 $16) 21... Ng6 22. exd5 cxd5 {[%emt 0:01:37] [#]} 23. d4 (23. Nxh4 $1 $16 Nxh4 24. gxh4) 23... e4 24. Ra4 h3 $1 25. Ne1 Qf7 26. Rb4 Rac8 27. Bc2 Bf6 28. Qd1 (28. Qh6 Bg7 29. Qe3 Bf6 $11) 28... Bd8 29. Bh6 Rg8 30. c4 $1 Bg5 (30... Bxa5 $16 31. Ra4 Bc7) 31. Bxg5 $18 Nxg5 32. Ne3 Nh4 (32... Rc7 {was worth a try.} 33. cxd5 Bxd5) 33. gxh4 $18 Nf3+ 34. Kh1 Nxh2 $2 (34... Rc7 {was necessary.} 35. Nxf3 gxf3) 35. cxd5 $18 g3 36. dxe6 g2+ 37. N3xg2 $1 (37. Kxh2 $2 g1=Q+ 38. Kxh3 Qh1#) 37... hxg2+ {[%emt 0:00:09] [#]} 38. Kg1 $1 (38. Nxg2 $2 Qf3 39. Bxe4 Qh3 $19) 38... Qf4 39. Rxe4 (39. Nxg2 Rxg2+ 40. Kxg2 Rg8+ 41. Kh3 Qg4+ 42. Kxh2 Qxh4#) 39... Qxf2+ 40. Kxf2 g1=Q+ 41. Ke2 Nf1 42. Qc1 (42. Rxb7 $2 Qh2+ 43. Kf3 (43. Kxf1 $2 Rg1#) 43... Rg3+ 44. Kf4 Rd3+ 45. Kg5 Rxd1 46. Bxd1 Qd2+ 47. Kg6 Rg8+ 48. Kf6 Qxd1 $19) (42. Nf3 Qg2+ 43. Kd3 Rgf8 $17) 42... Rg2+ 43. Kd1 $1 (43. Nxg2 Ng3+ 44. Kf3 Qxc1 45. Kxg3 Qxc2 $11) 43... Rcxc2 44. Qxc2 $4 (44. Qh6+ $18 {is the narrow road to win.} Kg8 45. e7 (45. Nxc2 $2 Ne3#) (45. Rg4+ Rxg4 46. Kxc2 Qf2+ 47. Kb3 Nd2+ 48. Kc3 Ne4+ 49. Kc4 Qxe1 $19) 45... Rgd2+ 46. Qxd2 Rxd2+ 47. Kc1 Rd1+ {[%mdl 64] Decoy} 48. Kxd1 Ne3+ 49. Kd2 Qf2+ 50. Kc3 Nd5+ 51. Kc4) 44... Rxc2 $19 45. Nxc2 (45. Kxc2 Qh2+ 46. Kd3 Qd2+ 47. Kc4 Qc1+ 48. Kd5 (48. Kd3 $2 Qb1+ {[%mdl 64] Skewer} 49. Nc2 Qd1+ 50. Kc3 Qd2+ {[%mdl 64] Deflection} 51. Kc4 Qxc2+ 52. Kd5 Qc6+ 53. Ke5 Qc7+ 54. Kf6 Ng3 $19) 48... Qc6+ 49. Ke5 Qc7+ 50. Kf6 Ng3 $19) 45... Ne3+ 46. Kd2 Qf2+ 47. Kd3 Nxc2 48. d5 Nxb4+ 49. Rxb4 Qc5 50. Rd4 {[%emt 0:00:05] [#]} Qd6 $1 ({Inferior is} 50... Qxa5 51. e7 Qb5+ 52. Ke3 $11) 51. Ke4 Kg7 52. Rd3 $2 (52. h5 $17 {was called for.}) 52... Qh2 $19 53. Rc3 $2 (53. d6 Qe2+ 54. Re3 Qc4+ 55. Kf3 Qd5+ 56. Ke2) 53... Qxh4+ $19 54. Kf5 Qh5+ 55. Ke4 Qh4+ 56. Kf5 $1 Qh2 57. Ke4 Kg6 (57... Qg2+ $142 58. Rf3 Qxb2) 58. Rc8 (58. Re3 $142) 58... Qd6 (58... Qe2+ $142 59. Kd4 Qxb2+ 60. Ke4 Qe2+ 61. Kd4 Qf2+ 62. Kd3 Qf5+ 63. Kd4 Qf4+ 64. Kd3 Qd6) 59. Rc2 $19 Qg3 60. Rc8 Kg7 ({Avoid the trap} 60... Kf6 $2 61. Rf8+ Ke7 62. Rf7+ Kd6 63. Rd7+ Kc5 64. Kf5 $19) (60... Qe1+ $142 61. Kd4 Qd2+ 62. Ke5 Qh2+ 63. Ke4 Qe2+ 64. Kd4 Qxb2+ 65. Ke4 Qg2+ 66. Ke5 Qg3+ 67. Ke4 Qd6) 61. Kd4 Qf4+ 62. Kd3 Qd6 63. Kc4 Kf6 64. Rh8 Qc7+ 65. Kd4 Qg7 66. Rh1 Ke7+ 67. Kc5 Qg6 68. Rc1 Qd3 69. Rc4 Qe3+ 70. Rd4 Qc1+ 71. Rc4 Qxb2 72. Re4 Qb5+ 73. Kd4 Qxa5 74. Ke5 Qc7+ (74... Qc3+ $142 75. Kf4 Qc7+ 76. Kf5 Qg3 77. Rd4 Kd6 78. Ke4 Qe1+ 79. Kf3 Qe5 80. Re4 Qf5+ 81. Rf4 Qxd5+ 82. Re4 Qxe6 83. Re2 Qxe2+ 84. Kxe2 b5 85. Kd3 a5 86. Ke3 Kc5 87. Ke4 a4 88. Kd3 b4 89. Kd2 a3 90. Kc2 Kc4 91. Kc1 b3 92. Kd2 a2 93. Ke2 a1=Q 94. Kf2 b2 95. Kf3 b1=Q 96. Kg3 Qd3+ 97. Kh4 Qf6+ 98. Kh5 Qh3#) 75. Kf5 0-1

[Event "13th London Chess Classic 2023"]
[Site "London"]
[Date "2023.12.09"]
[Round "8.1"]
[White "Volokitin, Andrei"]
[Black "Bartel, Mateusz"]
[Result "1-0"]
[ECO "C18"]
[WhiteElo "2660"]
[BlackElo "2651"]
[Annotator "TA"]
[PlyCount "153"]
[EventDate "2023.11.27"]
[EventType "tourn"]
[EventCountry "ENG"]
[SourceTitle "playchess.com"]
[Source "ChessBase"]
[SourceQuality "1"]
[TimeControl "40/5400+30:1800+30"]

1. e4 e6 2. d4 d5 3. Nc3 Bb4 4. e5 c5 5. a3 Bxc3+ 6. bxc3 Ne7 7. Qg4 cxd4 8. Qxg7 Rg8 9. Qxh7 Qc7 10. Ne2 Nbc6 11. f4 (11. cxd4 Nxd4 12. Ra2 Nxe2 13. Bxe2 Qxe5 $11) 11... dxc3 {[%emt 0:00:13] C18: French: 3 Nc3 Bb4: Main line: 7 h4 and 7 Qg4.} 12. Nxc3 {[%emt 0:00:31] Strongly threatening Nb5.} Nd4 13. Bb2 (13. Qd3 $5 Nef5 14. Bb2 $11) 13... Bd7 {[%emt 0:03:57] The position is equal.} 14. O-O-O Qc5 15. Qd3 Ndf5 16. Nb5 {[%emt 0:15:46] [#]} Rc8 $146 ({Predecessor:} 16... O-O-O 17. Nd4 Kb8 18. Qc3 Qb6 19. Qb3 Qa5 20. g3 Rc8 21. Qb4 Qd8 22. Ba6 Rc7 23. Nxf5 Nxf5 {½-½ Thomas,G (1633)-Brayman,N (1699) SC-2013-0-00174}) 17. Qb3 (17. g3 $14 {feels stronger.}) 17... Nc6 $11 {[%emt 0:11:45] A dynamic duo of knights.} 18. g3 (18. Qc3 $11 {keeps the balance.} Qb6 19. g3 (19. Nd6+ Nxd6 20. exd6 Na5 $11)) 18... Na5 $2 (18... a6 $1 $17 19. Nc3 (19. Nd6+ $2 Nxd6 20. exd6 Na5 $19) 19... b5) 19. Qc3 $1 $36 {[%emt 0:00:56][%mdl 2048] White has some pressure.} Qb6 20. Qb4 {[%emt 0:00:44] And now Bd4 would win.} (20. Qd3 $2 Nc4 21. Nd6+ Nfxd6 $17) 20... Qe3+ ({Don't take} 20... Qf2 21. Bd3 Qe3+ 22. Kb1 $16) 21. Kb1 {[%emt 0:00:37] The board is on fire.} Nc4 22. Bxc4 {[%emt 0:07:13][%mdl 64] Remove Defender} Rxc4 23. Nd6+ Nxd6 24. Qxd6 Rc6 (24... Ba4 $14) 25. Qb8+ $16 Rc8 (25... Bc8 $142) 26. Qxb7 Qe4 27. Ka1 Ke7 28. Rhe1 Qc4 (28... Qxc2 $142 29. Qxa7 (29. Rc1 Qa4 $16) 29... Qc5 30. Qxc5+ Rxc5) 29. f5 (29. Qxa7 $142 Qc5 30. Qxc5+ Rxc5 31. Re2) 29... exf5 {[%emt 0:01:10] Black is weak on the dark squares} 30. Rxd5 Rc7 31. Qb3 Be6 32. Qxc4 Rxc4 33. Ra5 Ra8 34. Re2 a6 35. Bc1 Kd7 36. Be3 Kc6 (36... Re4 $16 37. Rd2+ Ke8) 37. Rd2 $18 Rc3 38. Bd4 Rf3 39. Rd1 Kd7 40. Be3+ Ke8 41. Bg5 Kf8 42. Bf6 Kg8 43. Kb2 Rf2 44. h4 (44. Rd8+ $1 $16 Rxd8 45. Bxd8) 44... Kh7 (44... Rb8+ $1 $14 45. Kc1 Rg2) 45. Rc5 (45. Rd8 $1 $16 Rxd8 46. Bxd8) 45... Kg6 (45... Rb8+ $14 46. Kc3 f4) 46. Rd8 $16 Rxd8 47. Bxd8 {[%emt 0:00:02][%mdl 4096] Endgame KRB-KRB} Rg2 {[%emt 0:00:27] [#]} 48. Rc3 Re2 49. Bg5 Rxe5 50. Bf4 Rb5+ 51. Kc1 Kh5 52. Re3 Rc5 53. Kd2 Rc4 54. Rd3 Ra4 55. Bd6 Rc4 56. c3 Rc8 57. Rd4 Bc4 58. Bf4 Bf1 (58... Rc5 $16 59. Bd6 Rc6) 59. Rd7 $18 Bc4 {[%emt 0:00:29] [#]} 60. Rc7 $1 Rd8+ 61. Kc2 Bd5 (61... Bd3+ $16 62. Kc1 f6) 62. c4 Be6 (62... Bf3 $142 63. Rxf7 Kg6) 63. Kc3 Kg4 64. Rc6 a5 65. Rc5 Ra8 66. Rb5 Rc8 67. c5 $1 ({Less strong is} 67. Rxa5 Rxc4+ 68. Kd3 f6 $16) 67... a4 (67... Bd5 {keeps fighting.} 68. Rxa5 Re8) 68. Bd6 Ra8 (68... f4 {is a better defense.} 69. Bxf4 (69. gxf4 Bd5 $18) 69... Bd7) 69. Rb8 Ra7 70. Rg8+ {[%emt 0:00:20] White is clearly winning.} Kf3 71. h5 f6 72. Re8 Bf7 73. Rh8 {[%emt 0:00:18] aiming for c6.} Rb7 74. c6 Rb3+ 75. Kd4 Ke2 76. c7 Be6 77. Re8 {[%emt 0:00:29] Weighted Error Value: White=0.14 (very precise) /Black=0.17 (very precise)} 1-0

[Event "13th London Chess Classic 2023"]
[Site "London"]
[Date "2023.12.09"]
[Round "8.2"]
[White "Vitiugov, Nikita"]
[Black "Niemann, Hans Moke"]
[Result "1/2-1/2"]
[ECO "C67"]
[WhiteElo "2712"]
[BlackElo "2659"]
[Annotator "TA"]
[PlyCount "66"]
[EventDate "2023.11.27"]
[EventType "tourn"]
[EventCountry "ENG"]
[SourceTitle "playchess.com"]
[Source "ChessBase"]
[SourceQuality "1"]
[TimeControl "40/5400+30:1800+30"]

1. e4 e5 2. Nf3 Nc6 3. Bb5 Nf6 4. O-O Nxe4 5. Re1 Nd6 6. Nxe5 Be7 7. Bf1 Nxe5 8. Rxe5 O-O 9. d4 Bf6 10. Re1 {[%emt 0:00:05] The position is equal.} Re8 {[%emt 0:00:07] 10...Re8 is better than 10...Nf5. C67: Ruy Lopez: Berlin Defence: 4 0-0 Nxe4.} 11. Bf4 Rxe1 12. Qxe1 Ne8 13. c3 d5 14. Bd3 g6 15. Nd2 Ng7 16. Qe2 c6 17. Re1 Bf5 18. Bxf5 Nxf5 19. Nf3 Ng7 20. Be5 Ne6 21. Bxf6 Qxf6 22. Ne5 Re8 23. Ng4 Qd8 24. Qe5 {[%emt 0:00:33] Threatens to win with Nf6+.} Ng7 25. Qxe8+ {[%emt 0:00:10][%mdl 64] [#] Decoy} ({Don't go for} 25. Nh6+ $2 Kf8 26. Nxf7 Rxe5 $19) 25... Nxe8 26. Rxe8+ {[%emt 0:00:04][%mdl 64] Remove Defender} Qxe8 27. Nf6+ Kf8 28. Nxe8 Kxe8 29. f4 f5 30. Kf2 Kf7 {[%emt 0:00:05] [#] An uneventful encounter.   Weighted Error Value: White=0.03 (flawless) /Black=0.02 (flawless)} {Predecessor:} 31. b4 $146 b5 32. h4 h5 33. Kf3 Ke6 {½-½ Xu,X (2596)-Li,D (2556) CHN-ch Xinghua 2023 (1)} 1/2-1/2

[Event "13th London Chess Classic 2023"]
[Site "London"]
[Date "2023.12.09"]
[Round "8.3"]
[White "Gukesh D"]
[Black "Tabatabaei, M. Amin"]
[Result "1/2-1/2"]
[ECO "C54"]
[WhiteElo "2746"]
[BlackElo "2694"]
[Annotator "TA"]
[PlyCount "73"]
[EventDate "2023.11.27"]
[EventType "tourn"]
[EventCountry "ENG"]
[SourceTitle "playchess.com"]
[Source "ChessBase"]
[SourceQuality "1"]
[TimeControl "40/5400+30:1800+30"]

1. e4 e5 2. Nf3 Nc6 3. Bc4 Nf6 4. d3 Bc5 5. c3 d6 6. b4 Bb6 7. a4 a5 8. b5 Ne7 9. Nbd2 O-O 10. O-O Ng6 11. Bb3 h6 {[%emt 0:06:37] C54: Giuoco Piano: 4 c3 Nf6, main lines with 5 d4 and 5 d3.} 12. Nc4 Bc5 13. d4 exd4 14. cxd4 Bb4 15. e5 dxe5 16. Nfxe5 Nxe5 17. Nxe5 {[%emt 0:00:06] [#]} Be6 $146 ({Predecessor:} 17... Qd6 18. Bf4 Be6 19. Ng6 Bxb3 20. Qxb3 Qxd4 21. Rad1 Qe4 22. Nxf8 Qxf4 23. Nd7 Nxd7 24. Rxd7 Bd6 25. Qg3 {½-½ Wittal,W-Schmidt,J Theme 22694 freechess.de 2020}) 18. Bxe6 fxe6 19. Qd3 {[%emt 0:15:51][%cal Oc1h6] Dodges Bc3} Nd7 {[%emt 0:03:36] [#] ...Nxe5 is the strong threat.} 20. Ng6 {[%emt 0:08:52] Prevents Nxe5.} Rf6 21. Be3 Rc8 22. Qe4 (22. Rfc1 $5) 22... c6 23. Nf4 Qe8 24. bxc6 bxc6 25. Nd3 {[%emt 0:04:43] Nxb4 would be deadly.} c5 26. Rab1 Rf5 27. Rfc1 Nf6 {[%emt 0:05:15][%csl LRa4,LRe4] The position is equal.} 28. Qb7 c4 {[%emt 0:05:56] [#] And now ...Rb8 would win.} 29. Nxb4 axb4 30. Qxb4 Nd5 31. Qe1 c3 32. a5 Qc6 33. Qe2 Ra8 34. Ra1 Nxe3 35. Qxe3 Rfxa5 36. Rxa5 (36. Qxc3 $2 {too greedy.} Qxc3 37. Rab1 Qxd4 $19) 36... Rxa5 37. h3 {[%emt 0:00:15] Weighted Error Value: White=0.08 (flawless) /Black=0.06 (flawless)} ({Wrong is} 37. d5 $2 exd5 38. f3 c2 $19) 1/2-1/2

[Event "13th London Chess Classic 2023"]
[Site "London"]
[Date "2023.12.09"]
[Round "8.4"]
[White "Moussard, Jules"]
[Black "Royal, Shreyas"]
[Result "0-1"]
[ECO "D02"]
[WhiteElo "2639"]
[BlackElo "2404"]
[Annotator "TA"]
[PlyCount "136"]
[EventDate "2023.11.27"]
[EventType "tourn"]
[EventCountry "ENG"]
[SourceTitle "playchess.com"]
[Source "ChessBase"]
[SourceQuality "1"]
[TimeControl "40/5400+30:1800+30"]

1. Nf3 d5 2. g3 Nd7 3. d4 Nb6 4. Bg2 Bf5 5. b3 e6 6. O-O {[%emt 0:02:22] D02: 1 d4 d5 2 Nf3 sidelines, including 2...Nf6 3 g3 and 2...Nf6 3 Bf4.} h6 {[%emt 0:02:31] [#]} 7. c4 $1 c6 (7... Nf6 8. Bb2) 8. Nbd2 {[%emt 0:04:45] White has an edge.} Nf6 9. Bb2 Be7 10. e3 O-O 11. Qe2 a5 12. Ne5 Nbd7 {[%emt 0:02:27] [#]} 13. Nd3 $146 ({Predecessor:} 13. Nxd7 Qxd7 14. a3 b5 15. c5 Bg4 16. f3 Bh5 17. Rad1 Ne8 18. g4 Bg6 19. f4 {0-1 Krysa,L (2531)-Fedoseev,V (2678) Titled Tuesday intern op 25th Aug blitz 2020 (6)}) 13... a4 14. Rfc1 Qb6 15. c5 Qa6 16. Bf1 b5 17. f3 axb3 18. axb3 Qb7 19. e4 Bh7 20. e5 Ne8 21. Rxa8 Qxa8 22. Ra1 Qb7 23. b4 g5 24. Nb3 Ng7 25. Na5 Qc7 26. Nf2 h5 27. Re1 Re8 28. Qd2 Nf8 (28... Bf5 $16) 29. Nh3 $1 $18 g4 (29... f6 $142 30. exf6 Bxf6 31. Nxg5 Bf5) 30. fxg4 hxg4 31. Nf2 Bf5 32. Be2 Nh7 33. Nxg4 Bg6 34. Qf4 Nf5 35. h4 {[%emt 0:02:56] Inhibits Bg5.} Kh8 36. Ne3 Nxe3 37. Qxe3 f5 38. Qf4 Rg8 39. Kf2 Be8 40. Ke3 Bd8 41. Kd3 $2 ({White should play} 41. Rh1 $18) 41... Nf6 $1 $11 42. Rg1 (42. exf6 $2 {is the wrong capture.} Rxg3+ $19) (42. Bc3 {is interesting.} Ne4 43. Rg1 Qh7 44. Be1) 42... Ne4 $1 43. Kc2 $2 ({Of course not} 43. Qh6+ Qh7 44. Qxh7+ (44. Qxe6 $2 {too greedy.} f4 $19) 44... Kxh7 $11) (43. Bc3 $1 $14 {stays ahead.}) 43... Qh7 $17 44. Kb3 (44. Bf3 $17 {was worth a try.}) 44... Bxh4 $1 $19 {[%emt 0:00:39] Hoping for ...Bg5.} 45. Bc3 (45. Ka2 {might work better.} Bxg3 46. Qf1) 45... Nxg3 $2 (45... Rxg3 $19 46. Rxg3 Bxg3) 46. Bf3 $17 {[%emt 0:00:43] [#]} Rg6 $1 (46... Ne4 $2 47. Rh1 Kg7 48. Rxh4 $18) 47. Rg2 {[%emt 0:01:13] [#] Prevents Ne2.} Qh6 $1 48. Bd2 {[%emt 0:02:56][%mdl 8192] Loses the game.} (48. Qxh6+ $17 Rxh6 49. Nb7) 48... Bg5 $19 {[%emt 0:00:21][%mdl 64] Skewer} 49. Qxg3 Bxd2 50. Qh2 {[%emt 0:00:53] Qxh6+ would be deadly.} Rxg2 51. Qxh6+ Bxh6 52. Bxg2 {[%emt 0:00:01][%mdl 4096] Endgame KBB-KBN} Bd2 53. Bf1 Kg7 54. Nb7 Kg6 55. Kc2 Bxb4 56. Kd3 Be1 57. Be2 Bf2 58. Bd1 Kg5 59. Be2 Bg1 60. Bd1 Kh4 61. Be2 f4 62. Nd8 Bd7 63. Nf7 b4 {[%emt 0:00:05] aiming for ...Be8.} 64. Bd1 Be8 65. Nd8 Bg6+ 66. Kd2 Bxd4 (66... Be3+ $142 67. Ke1 f3 68. Nxc6 b3 69. Ne7 Bd3 70. Ng6+ Kg3 71. Be2 fxe2 72. Ne7 Bf2+ 73. Kd2 e1=Q+ 74. Kxd3 Qe3#) 67. Nxe6 Bc3+ 68. Kc1 Bxe5 {[%emt 0:00:06] Weighted Error Value: White=0.33/Black=0.15 (very precise)} 0-1

[Event "13th London Chess Classic 2023"]
[Site "London"]
[Date "2023.12.09"]
[Round "8.5"]
[White "Adams, Michael"]
[Black "McShane, Luke J"]
[Result "1/2-1/2"]
[ECO "C65"]
[WhiteElo "2670"]
[BlackElo "2626"]
[Annotator "TA"]
[PlyCount "62"]
[EventDate "2023.11.27"]
[EventType "tourn"]
[EventCountry "ENG"]
[SourceTitle "playchess.com"]
[Source "ChessBase"]
[SourceQuality "1"]
[TimeControl "40/5400+30:1800+30"]

1. e4 e5 2. Nf3 Nc6 3. Bb5 Nf6 4. d3 Bc5 5. c3 O-O 6. O-O {[%emt 0:00:00] C65: Ruy Lopez: Berlin Defence (3...Nf6), unusual lines and 4 0-0 Bc5.} d5 7. exd5 Qxd5 8. Bc4 Qd6 9. b4 Bb6 10. Nbd2 Bg4 $5 {[%emt 0:04:08][%cal Oe5e4][%mdl 4] Exploring less charted territory.} 11. a4 {[%emt 0:00:00] [#] Hoping for a5.} a5 12. b5 {[%emt 0:00:00] [#]} Ne7 $146 ({Predecessor:} 12... e4 13. Nxe4 Nxe4 14. dxe4 Bxf3 15. Qxd6 cxd6 16. gxf3 Ne5 17. Bd5 Rac8 18. f4 Nd3 19. Bxb7 Rxc3 {½-½ Muzychuk,A (2527)-Goryachkina,A (2596) FIDE World Cup (Women) 2021 (6.1)}) 13. Ba3 (13. h3 $16 Bxf3 14. Qxf3) 13... Bc5 $14 14. Bxc5 Qxc5 15. h3 Bxf3 16. Qxf3 Ned5 17. Rac1 Rfe8 18. Rfe1 c6 {[%emt 0:02:06] The position is equal.} 19. bxc6 bxc6 20. Ne4 Nxe4 21. Qxe4 g6 22. Bxd5 cxd5 23. Qf3 Rac8 24. Rb1 Qc6 25. Rb5 Qxc3 26. Reb1 e4 27. dxe4 Qxf3 28. gxf3 dxe4 29. Re1 exf3 30. Rxe8+ Rxe8 31. Kh2 $1 Re4 {[%emt 0:03:09] Weighted Error Value: White=0.07 (flawless) /Black=0.07 (flawless)} 1/2-1/2

[Event "13th London Chess Classic 2023"]
[Site "London"]
[Date "2023.12.10"]
[Round "9.1"]
[White "McShane, Luke J"]
[Black "Volokitin, Andrei"]
[Result "1/2-1/2"]
[ECO "B51"]
[WhiteElo "2626"]
[BlackElo "2660"]
[Annotator "TA"]
[PlyCount "48"]
[EventDate "2023.11.27"]
[EventType "tourn"]
[EventCountry "ENG"]
[SourceTitle "playchess.com"]
[Source "ChessBase"]
[SourceQuality "1"]
[TimeControl "40/5400+30:1800+30"]

1. e4 c5 2. Nf3 d6 3. Bb5+ Nd7 4. O-O a6 5. Bd3 Ngf6 {[%emt 0:00:06] The position is equal.} 6. Re1 {[%emt 0:00:14] B51: Sicilian: Moscow Variation (3 Bb5+) without 3...Bd7.} e6 7. Bf1 {[%emt 0:00:53] is cutting edge theory.} b5 8. a4 Bb7 9. d4 {[%emt 0:00:45] aiming for d5.} Bxe4 10. dxc5 dxc5 11. Nc3 Bc6 {[%emt 0:01:11] [#]} 12. Ng5 $146 {[%emt 0:00:13][%cal Og5e6] And now Nxe6! would win.} (12. axb5 {simplifies} axb5 13. Bf4 Rxa1 14. Qxa1 Be7 15. Bxb5 Qb6 16. Qa4) ({Predecessor:} 12. axb5 axb5 13. Rxa8 Qxa8 14. Bxb5 Be7 15. Bxc6 Qxc6 16. Bg5 h6 17. Bh4 O-O 18. Nd2 {½-½ Suleymanli,A (2588)-Volokitin,A (2664) FIDE Grand Swiss 2023 (9)}) 12... b4 13. Nxf7 Kxf7 14. Rxe6 $1 {[%emt 0:00:05][%cal Of1c4][%mdl 64] [#] Strongly threatening Bc4! Decoy} bxc3 (14... Kxe6 15. Bc4+ Ke7 16. Qe2+ $16) 15. Bc4 {[%emt 0:00:16] White threatens Rxf6+ and mate.} Bd5 16. Bxd5 Nxd5 (16... Nb6 17. Re7+ (17. Rxb6+ Nxd5 18. Rb7+ Kg8 $17) 17... Kxe7 18. Qe2+) 17. Qxd5 $40 {[%emt 0:00:14][%mdl 128] Re3+ would kill now. Black needs to defend precisely.} Nb6 $1 {[%emt 0:00:09][%mdl 64] [#] Discovered Attack} 18. Re7+ $1 {[%emt 0:00:20][%mdl 64] Decoy} Kxe7 19. Bg5+ Ke8 20. Re1+ Be7 $1 21. Qc6+ Kf7 $1 (21... Nd7 $2 22. Bxe7 Qxe7 23. Qxa8+ Kf7 24. Rxe7+ (24. Qxh8 $2 Qxe1#) 24... Kxe7 25. Qxh8 $18) 22. Qe6+ $1 (22. Bxe7 $2 Qd5 23. Qxb6 Rhe8 24. bxc3 Rxe7 $19) (22. Rxe7+ Qxe7 23. Qf3+ (23. Bxe7 $2 cxb2 24. Qf3+ Kxe7 $19) 23... Ke8 24. Bxe7 cxb2 $17) 22... Ke8 23. Qc6+ $1 Kf7 $1 (23... Nd7 $2 24. Bxe7 Qxe7 25. Qxa8+ Kf7 26. Rxe7+ (26. Qxh8 $2 Qxe1#) 26... Kxe7 27. Qxh8 $18) 24. Qe6+ $1 (24. Bxe7 $2 {loses.} Qd5 25. Qxb6 Rhe8 26. bxc3 Rxe7 $19) ({But not} 24. Rxe7+ Qxe7 25. Qf3+ (25. Bxe7 $2 {perishes.} cxb2 26. Qf3+ Kxe7 $19) 25... Kg6 26. Bxe7 cxb2 27. Qg3+ (27. Bxc5 $2 b1=Q+) (27. Qc6+ $2 Kf7 $19) 27... Kf7 28. Qb3+ Kxe7 $17) 24... Ke8 {[%emt 0:00:00] A rather calm draw. A fantastic game!   Weighted Error Value: White=0.02 (flawless) /Black=0.01 (flawless)} 1/2-1/2

[Event "13th London Chess Classic 2023"]
[Site "London"]
[Date "2023.12.10"]
[Round "9.2"]
[White "Royal, Shreyas"]
[Black "Adams, Michael"]
[Result "1/2-1/2"]
[ECO "D35"]
[WhiteElo "2404"]
[BlackElo "2670"]
[Annotator "TA"]
[PlyCount "61"]
[EventDate "2023.11.27"]
[EventType "tourn"]
[EventCountry "ENG"]
[SourceTitle "playchess.com"]
[Source "ChessBase"]
[SourceQuality "1"]
[TimeControl "40/5400+30:1800+30"]

1. d4 Nf6 2. c4 e6 3. Nf3 d5 4. Nc3 Nbd7 5. Bf4 Bb4 6. cxd5 exd5 7. Qb3 {[%emt 0:00:19] D35: Queen's Gambit Declined: Exchange Variation.} c5 8. dxc5 Qa5 9. a3 {[%emt 0:04:22] White has an edge.} Bxc3+ 10. Qxc3 Qxc3+ {[%emt 0:00:07] The position is equal.} 11. bxc3 Nxc5 12. e3 {[%emt 0:02:05] [#]} Bd7 $146 ({Predecessor:} 12... Nfe4 13. c4 dxc4 14. Bxc4 Be6 15. Bb5+ Ke7 16. Nd4 Rac8 17. O-O Nc3 18. Rfc1 Nb3 19. Nxb3 Bxb3 20. Bf1 Rc6 21. e4 Rhc8 22. f3 a6 23. Kf2 Ba4 24. Bd2 {½-½ Kaufman,L (2400)-Seirawan,Y (2644) USA-ch Seattle 2002 (2)}) 13. c4 Rc8 14. Nd4 {[%emt 0:03:01] Inhibits Nb3.} O-O 15. Be5 Nce4 16. Bxf6 Nxf6 17. cxd5 Nxd5 18. Bd3 Ne7 19. Ke2 Nc6 20. Nxc6 Bxc6 21. f3 Rfd8 22. Rhd1 Kf8 23. e4 ({Reject} 23. Bxh7 Rxd1 24. Rxd1 g6 $17) 23... Rc7 24. Rac1 Rdc8 {[%emt 0:03:29] [#] Hoping for ...Ba4.} 25. Rc4 {[%emt 0:00:34] Against Ba4} Bb5 26. Rxc7 Bxd3+ 27. Kxd3 Rxc7 28. Rb1 b6 29. a4 h5 30. Rb5 g6 31. a5 {[%emt 0:00:06] Weighted Error Value: White=0.03 (flawless) /Black=0.02 (flawless)} 1/2-1/2

[Event "13th London Chess Classic 2023"]
[Site "London"]
[Date "2023.12.10"]
[Round "9.3"]
[White "Tabatabaei, M. Amin"]
[Black "Moussard, Jules"]
[Result "1/2-1/2"]
[ECO "B48"]
[WhiteElo "2694"]
[BlackElo "2639"]
[Annotator "TA"]
[PlyCount "128"]
[EventDate "2023.11.27"]
[EventType "tourn"]
[EventCountry "ENG"]
[SourceTitle "playchess.com"]
[Source "ChessBase"]
[SourceQuality "1"]
[TimeControl "40/5400+30:1800+30"]

1. e4 c5 2. Nf3 e6 3. d4 cxd4 4. Nxd4 Nc6 5. Nc3 Qc7 6. Be3 a6 7. Qd2 Nf6 8. O-O-O b5 {[%emt 0:02:32] 8...Be7 gains popularity. B48: Sicilian: Taimanov: 5 Nc3 Qc7 6 Be3 a6 without Be2.} 9. Nxc6 Qxc6 10. f3 Bb7 11. g4 h6 12. Kb1 {[%emt 0:09:59] [#]} d5 $146 ({Predecessor:} 12... d6 13. Rg1 Be7 14. h4 Nd7 15. Ne2 Ne5 16. Nd4 Qc7 17. g5 hxg5 18. hxg5 g6 {½-½ Grischuk,A (2719)-Sokolov,A (2585) FRA-chT Gp-A 2004 (6)}) 13. exd5 Nxd5 14. Nxd5 Qxd5 15. Bd3 Be7 16. h4 Qxf3 17. Rhf1 Qc6 (17... Qg2 $16 {is a better defense.}) 18. Bd4 $18 {[%emt 0:09:25][%mdl 1024] White has strong compensation.} Rg8 19. Bh7 Rh8 20. Bd3 Rg8 21. Qf2 (21. Be5 $18) 21... O-O-O $16 22. Qxf7 Bxh4 23. Bxg7 {[%emt 0:01:21] White is much more active.} Qd7 {[%emt 0:05:45] [#]} 24. Bxh6 (24. Qh5 $1 $16 Qxg7 25. Qxh4) 24... Qxf7 $11 25. Rxf7 Rxg4 26. Bf4 Rd5 {[%emt 0:08:56] Dodges Be5} 27. b3 Bg5 $1 28. Bh2 {[%emt 0:01:58] Black must now prevent Rc7+.} Bd8 {[%emt 0:01:39] Repels Rc7+} 29. Re1 Rd7 30. Rf8 Bd5 31. a4 Bxb3 $1 {[%emt 0:01:10][%mdl 64] Deflection} 32. axb5 {[%emt 0:00:05] Threatens to win with Re5.} Rb4 33. Kb2 {[%emt 0:04:11] And now Kc3 would win.} (33. bxa6 $5 Bc4+ $8 34. Kc1 Bxd3 35. cxd3 $11) 33... Bd5+ 34. Kc3 a5 35. Ref1 Kb7 36. R1f7 Rxf7 37. Rxf7+ Kc8 38. Rf4 Rxf4 39. Bxf4 {[%emt 0:00:01][%mdl 4096] Endgame KBB-KBB} Bf6+ 40. Kd2 a4 {[%emt 0:00:00] aiming for ...a3.} 41. Bd6 ({Not} 41. c4 $2 a3 42. Bb1 (42. cxd5 $2 {perishes.} a2 $19) 42... Bxc4 $19) 41... Kd7 42. Bc5 Ba2 ({Much less strong is} 42... Be7 43. Bxe7 Kxe7 44. c4 $16) 43. c4 Bb3 44. Ba3 Bd4 45. c5 Bd5 {[%emt 0:00:49] [#]} 46. Bc2 ({White should try} 46. Be2 $1 $16) 46... Bc4 {[%emt 0:03:43] The position is equal.} 47. Bxa4 Kc7 48. Bb4 Kb7 49. c6+ Ka7 50. Be7 (50. c7 $5 Kb7 $8 51. Ba5 $11) 50... e5 51. Bf6 Kb6 52. Bd8+ Ka7 53. Bc7 Bf1 54. Ba5 Bc4 55. Ke1 e4 56. c7 Be6 57. Bb3 {[%emt 0:00:35][%mdl 64] Deflection, Promotion} Bd7 58. Bd5 Bb6 59. Bxb6+ Kxb6 60. Bxe4 Kxc7 61. Bc6 Bxc6 {[%emt 0:00:03] KB-KP} 62. b6+ Kb8 63. Kf2 Kb7 64. Ke3 Kxb6 {[%emt 0:00:02] White really could win this.   Weighted Error Value: White=0.10 (very precise) /Black=0.05 (flawless)} 1/2-1/2